 Dungeon Crawl Stone Soup version 0.19.1-1-g22dce08 (webtiles) character file.

12325 dvd the Basher (level 11, -4/109 HPs)
             Began as a Troll Berserker on Jan 14, 2017.
             Was a High Priest of Trog.
             Slain by a demonic crawler (7 damage)
             ... on level 1 of the Abyss.
             The game lasted 00:28:16 (9122 turns).

dvd the Basher (Troll Berserker)                    Turns: 9122, Time: 00:28:17

Health: -4/109     AC:  8    Str: 25 (27) XL:     11   Next: 61%
Magic:  10/10      EV: 14    Int:  3      God:    Trog [*****.]
Gold:   575        SH:  0    Dex: 15      Spells: 0 memorised, 10 levels left

rFire  . . .     SeeInvis .     a - +3 mace (crush)
rCold  + . .     Gourm    +     R - +2 robe {rC+}
rNeg   . . .     Faith    .     (no shield)
rPois  +         Spirit   .     (helmet restricted)
rElec  .         Reflect  .     W - +0 cloak
rCorr  .         Harm     .     (gloves unavailable)
MR     .....                    (boots unavailable)
Stlth  ++........               x - amulet of regeneration
                                U - ring of poison resistance
                                A - +3 ring of dexterity

@: exhausted, about to teleport, slowed, very slow
A: unfitting armour, claws 3, fast metabolism 3, gourmand, regeneration 1,
shaggy fur 1, tough skin 2
a: Berserk, Trog's Hand, Brothers in Arms, Burn Spellbooks, Renounce Religion


You were on level 1 of the Abyss.
You worshipped Trog.
Trog was extremely pleased with you.
You were full.

You visited 3 branches of the dungeon, and saw 12 of its levels.
You visited the Abyss 1 time.

You collected 575 gold pieces.

Inventory:

Hand Weapons
 a - a +3 mace of crushing (weapon)
 b - a +0 whip of electrocution
 u - the +7 giant spiked club of Day {venom, *Rage Str+6 Dex+3}
   (Trog gifted it to you on level 9 of the Dungeon)

   It poisons the flesh of those it strikes.
   It affects your strength (+6).
   It affects your dexterity (+3).
   It may make you go berserk in combat.
 y - a +1 vampiric hand axe
 I - a +3 whip
 O - a +2 quarterstaff of crushing
 Q - a +1 whip of freezing
 V - a +3 quarterstaff of chaos
Missiles
 l - a javelin (quivered)
 s - 13 tomahawks
Armour
 B - a +0 troll leather armour
 R - a +2 robe of cold resistance (worn)
 W - a +0 cloak (worn)
Jewellery
 i - a +1 ring of protection
 x - an amulet of regeneration (around neck)
 A - a +3 ring of dexterity (left claw)
 C - a +5 ring of intelligence
 T - an uncursed ring of ice
 U - a ring of poison resistance (right claw)
Wands
 F - a wand of iceblast (7/15)
 K - a wand of random effects (30/48)
 M - a wand of acid (6/15)
 N - a wand of flame (14/48)
 P - a wand of paralysis (4/24)
 X - a wand of teleportation (7/9)
Scrolls
 e - a scroll of acquirement {unknown}
 h - 2 scrolls of fog
 k - a scroll of blinking
 m - 6 scrolls of remove curse
 n - a scroll of magic mapping
 o - 8 scrolls of identify
 r - a scroll of enchant weapon
 z - 3 scrolls of teleportation
Potions
 g - a potion of heal wounds
 H - a potion of lignification
 J - 5 potions of curing
 L - 2 potions of ambrosia
Comestibles
 c - 6 bread rations
 d - 8 slices of pizza
 f - 2 beef jerkies
 D - 3 royal jellies
 E - 2 meat rations
 G - 4 fruits


   Skills:
 + Level 7.6 Fighting
 + Level 12.6 Maces & Flails
 + Level 3.2 Throwing
 + Level 7.5 Dodging
 - Level 0.5 Stealth


You had 10 spell levels left.
You didn't know any spells.

Dungeon Overview and Level Annotations

Branches:
Dungeon (10/15)            Temple (1/1) D:4            Lair (1/6) D:10
    Orc: D:9-12

Altars:
Ashenzari
Cheibriados
Dithmenos
Elyvilon
Fedhas
Gozag
Hepliaklqana
Kikubaaqudgha
Makhleb
Nemelex Xobeh
Okawaru
Qazlal
Ru
Sif Muna
Trog
Uskayaw
Vehumet
Xom
Yredelemnul
Zin
The Shining One

Shops:
D:8 :

Annotations:
Lair:1 Sonja


Innate Abilities, Weirdness & Mutations

You are too large for most types of armour.
You have claws for hands.
Your metabolism is lightning-fast.
You like to eat raw meat.
Your natural rate of healing is unusually fast.
You are covered in fur. (AC +1)
You have very tough skin. (AC +2)


Message History

The demonic crawler misses you. The demonic crawler hits you.
* * * LOW HITPOINT WARNING * * *
The demonic crawler closely misses you. The demonic crawler hits you.
* * * LOW HITPOINT WARNING * * *
The demonic crawler barely misses you.
A large abomination comes into view.
A death knight comes into view. It is wielding an enchanted broad axe.
The death knight moves out of view.
The demonic crawler hits you.
* * * LOW HITPOINT WARNING * * *
The demonic crawler hits you!
* * * LOW HITPOINT WARNING * * *
The demonic crawler hits you.
* * * LOW HITPOINT WARNING * * *
A freezing wraith comes into view.
You feel much better. The demonic crawler hits you!
* * * LOW HITPOINT WARNING * * *
The demonic crawler hits you!
* * * LOW HITPOINT WARNING * * *
The demonic crawler hits you!
You die...

# . .....# #
#....##.. .. ##
####(# ..... .
#.##§.2#.####...#
#..###### #.#G
#....#### ##
#..#2..§ ####sX#
##@#.# #§#..## #.
..§.. #. ###..#
W# ..#§ # ..# ##


You could see a balrug, a demonic crawler, a large abomination and a freezing
wraith.

Vanquished Creatures
  A tentacled starspawn (Abyss:1)
  Snorg (D:10)
  Fannar (D:10)
  A hill giant (D:10)
  The ghost of yogakurto the Shooter, a novice MiHu of Zin (D:6)
  Pikel (D:6)
  A large abomination (Abyss:1)
  A komodo dragon (D:10)
  An ancient zyme (Abyss:1)
  A troll (D:10)
  A hornet (D:8)
  A two-headed ogre (D:10)
  A hippogriff (D:7)
  A spriggan (D:10)
  A wraith (Abyss:1)
  A human (shapeshifter) (Abyss:1)
  6 yaks (D:9)
  A hungry ghost (D:8)
  A water moccasin (D:10)
  2 ice beasts
  3 sky beasts
  A black bear (D:5)
  An eye of draining (D:8)
  2 necrophages
  4 orc warriors
  5 ogres
  6 centaurs
  A big kobold (D:9)
  8 bullfrogs
  A water moccasin skeleton (D:8)
  2 scorpions
  3 killer bees (D:10)
  4 wights (D:7)
  3 howler monkeys (D:8)
  5 crimson imps
  7 bullfrog zombies
  A centaur zombie (D:10)
  4 orc priests
  A hound (D:4)
  Crazy Yiuf (D:7)
  2 bullfrog skeletons (D:9)
  A jelly (D:9)
  6 orc wizards
  A centaur skeleton (D:5)
  Terence (D:3)
  4 iguanas
  5 worker ants
  2 hound zombies
  3 worker ant zombies
  A gnoll (D:1)
  13 adders
  2 shadow imps
  4 oozes
  An adder skeleton (D:5)
  5 worms
  2 leopard geckos
  31 orcs
  5 bats
  8 giant cockroaches
  6 hobgoblins
  17 jackals
  3 quokkas
  2 ball pythons
  7 frilled lizards
  14 goblins
  A jackal zombie (D:6)
  9 kobolds
  2 leopard gecko skeletons
  A leopard gecko zombie (D:5)
  A quokka skeleton (D:6)
  7 rats
256 creatures vanquished.

Vanquished Creatures (others)
  An adder (D:6)
  A plant (D:10)
  2 starspawn tentacles (Abyss:1)
4 creatures vanquished.

Grand Total: 260 creatures vanquished

Notes
Turn   | Place    | Note
-------+----------+-------------------------------------------
     0 | D:1      | dvd the Troll Berserker began the quest for the Orb.
     0 | D:1      | Reached XP level 1. HP: 22/22 MP: 0/0
   130 | D:1      | Reached XP level 2. HP: 28/29 MP: 1/1
   197 | D:1      | Reached skill level 3 in Maces & Flails
   375 | D:1      | Reached XP level 3. HP: 36/36 MP: 2/2
   621 | D:1      | Reached ** piety under Trog
   948 | D:2      | Reached XP level 4. HP: 44/44 MP: 3/3
  1480 | D:3      | Noticed Terence
  1499 | D:3      | Killed Terence
  1499 | D:3      | Reached skill level 1 in Throwing
  1499 | D:3      | Reached XP level 5. HP: 43/53 MP: 4/4
  1510 | D:3      | Reached skill level 4 in Maces & Flails
  1577 | D:3      | Reached *** piety under Trog
  1907 | D:4      | Noticed a dagger
  1908 | D:4      | Noticed a dagger
  1908 | D:4      | Found a hide-covered altar of Uskayaw.
  1991 | D:4      | Noticed an ogre
  1996 | D:4      | Killed an ogre
  1996 | D:4      | Reached XP level 6. HP: 61/61 MP: 5/5
  2505 | D:4      | Reached skill level 5 in Maces & Flails
  2531 | D:4      | Found a staircase to the Ecumenical Temple.
  2538 | Temple   | Entered the Ecumenical Temple
  2862 | D:5      | Entered Level 5 of the Dungeon
  2913 | D:5      | Reached XP level 7. HP: 56/68 MP: 6/6
  3333 | D:5      | Reached skill level 6 in Maces & Flails
  3483 | D:5      | Reached XP level 8. HP: 78/78 MP: 7/7
  3668 | D:6      | Reached **** piety under Trog
  3758 | D:6      | Noticed yogakurto's ghost (novice MiHu)
  3812 | D:6      | Killed yogakurto's ghost
  3812 | D:6      | Reached skill level 7 in Maces & Flails
  3812 | D:6      | Reached skill level 5 in Dodging
  4081 | D:6      | Noticed Pikel
  4128 | D:6      | Killed Pikel
  4128 | D:6      | Reached skill level 5 in Fighting
  4128 | D:6      | Reached skill level 8 in Maces & Flails
  4128 | D:6      | Reached XP level 9. HP: 88/88 MP: 8/8
  4640 | D:7      | Found a snail-covered altar of Cheibriados.
  4640 | D:7      | Found an ancient bone altar of Kikubaaqudgha.
  4946 | D:7      | Reached skill level 9 in Maces & Flails
  5078 | D:7      | Found a runed door.
  5082 | D:7      | Noticed Crazy Yiuf
  5087 | D:7      | Killed Crazy Yiuf
  5727 | D:8      | Found Vofinugy's Book Shop.
  5934 | D:8      | Found a shimmering altar of Xom.
  5959 | D:8      | Reached ***** piety under Trog
  6138 | D:8      | Reached XP level 10. HP: 98/98 MP: 9/9
  6438 | D:8      | Reached skill level 10 in Maces & Flails
  7190 | D:9      | Received a gift from Trog
  7195 | D:9      | Got a dazzling giant spiked club {god gift}
  7196 | D:9      | Identified the +7 giant spiked club of Day {venom, *Rage Str+6 Dex+3} (Trog gifted it to you on level 9 of the Dungeon)
  7476 | D:9      | Reached skill level 11 in Maces & Flails
  7655 | D:10     | Entered Level 10 of the Dungeon
  7655 | D:10     | Found a burning altar of Makhleb.
  7726 | D:10     | Noticed a hill giant
  7732 | D:10     | Killed a hill giant
  7777 | D:10     | Noticed Snorg
  7792 | D:10     | Killed Snorg
  7792 | D:10     | Reached XP level 11. HP: 109/109 MP: 10/10
  7870 | D:10     | Noticed Fannar
  7891 | D:10     | Killed Fannar
  8185 | D:10     | Reached skill level 12 in Maces & Flails
  8338 | D:10     | Found a staircase to the Lair.
  8396 | Lair:1   | Entered Level 1 of the Lair of Beasts
  8408 | Lair:1   | Noticed Sonja
  8413 | Lair:1   | Cast into level 1 of the Abyss (Sonja)
  8415 | Abyss:1  | Found a corrupted altar of Lugonu.
  8621 | Abyss:1  | Noticed a tentacled starspawn
  8638 | Abyss:1  | Killed a tentacled starspawn
  8715 | Abyss:1  | Noticed a thrashing horror
  9114 | Abyss:1  | Noticed a balrug
  9121 | Abyss:1  | Noticed a death knight
  9121 | Abyss:1  | HP: 5/109 [demonic crawler (10)]
  9121 | Abyss:1  | HP: 1/109 [demonic crawler (4)]
  9122 | Abyss:1  | Slain by a demonic crawler

Skill      XL: |  1  2  3  4  5  6  7  8  9 10 11 |
---------------+----------------------------------+-----
Maces & Flails | 3 4 5 6 8 9 11 12 | 12.6
Dodging        | 3 4 5 6 7 |  7.5
Fighting       | 3 4 5 6 7 |  7.6
Throwing       | 1 2 3 |  3.2
Stealth        | |  0.5

Action                   |  1- 3 |  4- 6 |  7- 9 | 10-12 || total
-------------------------+-------+-------+-------+-------++-------
Melee: Mace              |   103 |    99 |   140 |   189 ||   531
       Whip              |       |    92 |   216 |       ||   308
       Giant spiked club |       |       |       |    87 ||    87
Throw: Large rock        |     7 |     8 |     8 |    13 ||    36
       Javelin           |       |       |       |     7 ||     7
Invok: Berserk           |       |     3 |     6 |     9 ||    18
       Burn Spellbooks   |       |       |     1 |       ||     1
  Use: Scroll            |       |       |    16 |     2 ||    18
       Potion            |       |       |       |    12 ||    12
 Stab: Sleeping          |       |     2 |     2 |       ||     4
  Eat: Chunk             |    15 |    16 |    38 |    33 ||   102
       Meat ration       |       |       |     1 |     1 ||     2
Armor: Animal skin       |    49 |    14 |       |       ||    63
       Robe              |       |    36 |    89 |    87 ||   212
Dodge: Dodged            |    77 |    99 |   183 |   233 ||   592
